 Dungeon Crawl Stone Soup version 0.28-a0-32-g8dfe7f97f6 (webtiles) character file.

Game seed: 10185956089668799130

86 willcat the Sneak (level 4, -3/28 HPs)
             Began as a Kobold Delver on July 27, 2021.
             Shot with a sling bullet by Joseph (16 damage)
             ... on level 7 of the Dungeon.
             The game lasted 00:00:55 (352 turns).

willcat the Sneak (Kobold Delver)                    Turns: 352, Time: 00:00:57

Health: -3/28      AC:  4    Str:  9    XL:     4   Next: 78%
Magic:  4/4        EV: 15    Int: 11    God:
Gold:   52         SH:  0    Dex: 17    Spells: 3/3 levels left

rFire   . . .      SeeInvis .   i - +0 dagger
rCold   . . .      Faith    .   (shield restricted)
rNeg    . . .      Spirit   .   b - +0 leather armour
rPois   .          Reflect  .   (no helmet)
rElec   .          Harm     .   (no cloak)
rCorr   .          Rampage  .   (no gloves)
Will    .....                   k - +0 pair of boots
Stlth   +++++.....              (no amulet)
HPRegen 0.09/turn               (no ring)
MPRegen 0.09/turn               (no ring)

@: no status effects
A: small, no large weapons, nightstalker 3
a: no special abilities


You were on level 7 of the Dungeon.
You visited 1 branch of the dungeon, and saw 3 of its levels.

You collected 52 gold pieces.

Inventory:

Hand Weapons
 a - a +0 short sword
 i - a +0 dagger (weapon)
Missiles
 m - 3 atropa-tipped darts (quivered)
Armour
 b - a +0 leather armour (worn)
 k - a +0 pair of boots (worn)
Magical Staves
 h - a staff of fire
Wands
 g - a wand of digging (3)
 l - a wand of charming (8)
Scrolls
 c - a scroll of fog
 d - a scroll of magic mapping
 e - a scroll of fear
 j - a scroll of amnesia {unknown}
Potions
 f - a potion of haste


   Skills:
 - Level 3.2 Fighting
 + Level 4.1 Short Blades
 + Level 3.7 Dodging
 + Level 7.5 Stealth
 + Level 0.0 Evocations


You had 3 spell levels left.
You didn't know any spells.
Your spell library was empty.

Dungeon Overview and Level Annotations

Branches:
Dungeon (7/15)
 Temple: D:4-7

Altars:

Annotations:
D:7 Joseph


Innate Abilities, Weirdness & Mutations

You are small and have problems with some larger weapons.
You are completely attuned to the shadows.


Message History

You hit the kobold.
The kobold is moderately wounded.
You miss the kobold.
The kobold is moderately wounded.
The kobold barely misses you.
You hit the kobold but do no damage.
The kobold is moderately wounded.
The kobold misses you.
You closely miss the kobold.
The kobold is moderately wounded.
The kobold closely misses you.
You hit the kobold but do no damage.
The kobold is moderately wounded.
The kobold misses you.
You hit the kobold but do no damage.
The kobold is moderately wounded.
You hit the kobold.
You kill the kobold!
You see here a +0 whip.
You start resting.
HP restored.
Found 18 gold pieces.
You now have 52 gold pieces (gained 18).
Joseph, a Mercenary comes into view.
He is wielding a +0 quarterstaff.
Joseph shouts!
Joseph unwields a +0 quarterstaff.
Joseph wields a +0 hunting sling.
Joseph shoots a sling bullet.
The sling bullet barely misses you.
Aiming: Charm
Press: ? - help, Shift-Dir - straight line, f - Joseph
Aim: Joseph, wielding a +0 hunting sling, wearing a +0 leather armour and quivering sling bullets (chance to affect: 28%) Joseph easily resists.
Joseph shoots a sling bullet.
The sling bullet hits you.
Joseph tries to grin evilly.
Joseph shoots a sling bullet.
The sling bullet completely misses you.
Joseph shoots a sling bullet.
The sling bullet hits you!
Aiming: Charm
Press: ? - help, Shift-Dir - straight line, f/p - Joseph
Aim: Joseph, wielding a +0 hunting sling, wearing a +0 leather armour and quivering sling bullets (chance to affect: 28%) Joseph easily resists.
Joseph shoots a sling bullet.
The sling bullet hits you!
Ouch! That really hurt!
You die...

#.###.###....
# ##..#....
##<.....#
#.).....##
...^#####..##
##.. #....##
### ....
...@...###.#
....
.........#..#
.......@.@.##
.......####
...#### ..


You could see Joseph.

Vanquished Creatures
  A scorpion (D:6)
  A jelly (D:6)
  A kobold (D:7)
3 creatures vanquished.

Notes
Turn   | Place    | Note
-------+----------+-------------------------------------------
     0 | D:5      | willcat the Kobold Delver began the quest for the Orb.
     0 | D:5      | Reached XP level 1. HP: 14/14 MP: 1/1
    64 | D:6      | Noticed a jelly
    68 | D:6      | Killed a jelly
    69 | D:6      | Reached skill level 7 in Stealth
    69 | D:6      | Reached XP level 2. HP: 19/19 MP: 2/2
    69 | D:6      | Reached XP level 3. HP: 23/23 MP: 3/3
   140 | D:6      | Noticed a scorpion
   144 | D:6      | Killed a scorpion
   145 | D:6      | Reached XP level 4. HP: 28/28 MP: 4/4
   154 | D:6      | Noticed a kobold brigand
   159 | D:6      | Noticed a gnoll sergeant
   341 | D:7      | Noticed Joseph
   352 | D:7      | Shot with a sling bullet by Joseph

Illustrated notes

Levels and vault maps discovered:
D:5:      layout_rooms, grunt_temple_overflow_open, biasface_ghost_orc_armoury,
          dk_vineyard_2, uniq_ijyb
D:6:      layout_basic, nicolae_overflow_crystal_walls, uniq_maggie,
          uniq_prince_ribbit1
D:7:      layout_cave_pools, grunt_temple_overflow_holy_war,
          minmay_temple_entry_crystal_x, nrook_loot_triangle,
          amcnicky_mini_rare_corridor_liquid, uniq_joseph

Skill      XL: |  1  2  3 |
---------------+----------+-----
Short Blades   | 3 4 |  4.1
Dodging        | 3 |  3.7
Stealth        | 7 |  7.5
Fighting       | |  3.2

Action                   |  1- 3 |  4- 6 || total
-------------------------+-------+-------++-------
Melee: Dagger            |     2 |     9 ||    11
Evoke: Wand              |       |     2 ||     2
 Stab: Sleeping          |     2 |       ||     2
Dodge: Dodged            |       |    15 ||    15

Table legend: (Time is in decaauts)
 A = Elapsed time spent in this place.
 B = Non-inter-level travel time spent in this place.
 C = Inter-level travel time spent in this place.
 D = Time resting spent in this place.
 E = Time spent auto-exploring this place.
 F = Levels seen in this place.
 G = Mean time per level.
                   A        B        C        D        E       F      G
               +--------+--------+--------+--------+--------+-----+--------+
         Total |    348 |    348 |      0 |    122 |     96 |   3 |  116.0 |
       Dungeon |    348 |    348 |      0 |    122 |     96 |   3 |  116.0 |
               +--------+--------+--------+--------+--------+-----+--------+

Top non-repeatable levels by time:
     D:6: 164 daAuts
     D:7: 153 daAuts
     D:5: 31 daAuts
